 Dungeon Crawl Stone Soup version 0.29.1-12-g30fa7ad0bf (webtiles) character file.

Game seed: 11654314419909671394

476 kingofthe the Ducker (level 6, -6/32 HPs)
             Began as a Deep Elf Conjurer on Jan 17, 2023.
             Mangled by a killer bee (7 damage)
             ... on level 5 of the Dungeon on Jan 18, 2023.
             The game lasted 00:16:39 (6003 turns).

kingofthe the Ducker (Deep Elf Conjurer)            Turns: 6003, Time: 00:16:40

Health: -6/32      AC:  5    Str:  4    XL:     6   Next: 84%
Magic:  11/16      EV: 14    Int: 23    God:
Gold:   278        SH:  0    Dex: 15    Spells: 8/15 levels left

rFire   . . .      SeeInvis .   u - +0 dagger (speed)
rCold   . . .      Faith    .   (no shield)
rNeg    . . .      Spirit   .   a - +0 robe
rPois   .          Reflect  .   (no helmet)
rElec   .          Harm     .   (no cloak)
rCorr   +          Rampage  .   w - +2 pair of gloves
Will    .....                   (no boots)
Stlth   ++........              (no amulet)
HPRegen 0.10/turn               h - ring of wizardry
MPRegen 0.15/turn               n - ring of resist corrosion

@: lethally poisoned (-6 -> -10)
A: no striking features
a: no special abilities


You were on level 5 of the Dungeon.
You visited 1 branch of the dungeon, and saw 5 of its levels.

You collected 278 gold pieces.

Inventory:

Hand Weapons
 d - a +1 dagger of draining
 u - a +0 dagger of speed (weapon)
 v - the +7 trident of Ownuakha {chaos, rF+ rC+ rN+ Int-2}
   (You found it on level 3 of the Dungeon)

   Each time it hits an enemy it has a different, random effect.
   Int:       It affects your intelligence (-2).
   rF:        It protects you from fire.
   rC:        It protects you from cold.
   rN:        It protects you from negative energy.
Missiles
 D - a throwing net
Armour
 a - a +0 robe (worn)
 k - an orb of guile
 w - a +2 pair of gloves (worn)
 B - a +3 ring mail
Magical Staves
 x - a staff of fire
Jewellery
 h - a ring of wizardry (left hand)
 n - a ring of resist corrosion (right hand)
 y - a ring of fire
Wands
 m - a wand of light (3)
Scrolls
 c - 2 scrolls of immolation {unknown}
 f - a scroll of fear {unknown}
 g - 3 scrolls of amnesia {unknown}
 i - a scroll of teleportation {unknown}
 j - 3 scrolls of enchant weapon {unknown}
 l - a scroll of silence {unknown}
 o - 3 scrolls of identify {unknown}
 r - a scroll of butterflies {unknown}
 t - a scroll of blinking {unknown}
 C - a scroll of enchant armour {unknown}
Potions
 b - a potion of magic
 e - 7 potions of curing {unknown}
 p - a potion of attraction {unknown}
 q - 2 potions of heal wounds {unknown}
 s - a potion of haste {unknown}
 z - a potion of degeneration {unknown}
 A - a potion of resistance {unknown}


   Skills:
 + Level 6.0 Dodging
 - Level 3.5 Stealth
 + Level 5.3 Spellcasting
 + Level 5.8 Conjurations
 + Level 1.2 Translocations


You had 8 spell levels left.
You knew the following spells:

 Your Spells              Type           Power      Damage    Failure   Level
a - Magic Dart            Conj           100%       1d8       1%          1
b - Searing Ray           Conj           64%        2d6       1%          2
c - Iskenderun's Mystic   Conj/Tloc      22%        2d6       9%          4

Your spell library contained the following spells:

 Spells                   Type           Power      Damage    Failure   Level
 Dazzling Flash           Conj/Hex       38%        N/A       3%          3
 Fulminant Prism          Conj/Hex       9%         3d7       11%         4


Dungeon Overview and Level Annotations

Branches:
Dungeon (5/15)
 Temple: D:4-7

Altars:
Uskayaw

Shops:
D:4 *


Message History

You kill the adder!
You see here a +0 mace.
Found a stone staircase leading down.
A killer bee comes into view.
The killer bee moves out of view.
A killer bee comes into view.
The magic dart hits the killer bee.
The killer bee is moderately wounded.
The killer bee buzzes angrily.
A killer bee comes into view. x2
The killer bee moves out of view.
The magic dart hits the killer bee.
The killer bee is lightly wounded.
The killer bee buzzes angrily.
You hear an angry buzzing noise.
You see here a +0 mace.
Casting: Magic Dart (safe; 1% risk of failure)
Confirm with . or Enter, or press ? or * to list all spells.
Aiming: Searing Ray (safe; 1% risk of failure)
Press: ? - help, Shift-Dir - straight line, f/p - killer bee
Aim: a killer bee (lightly wounded, 61% to hit)
The searing ray misses the killer bee. (Press . to maintain the ray.)
The killer bee stings you.
You are poisoned.
The killer bee poisons you!
The searing ray misses the killer bee.
The searing ray hits the killer bee.
The killer bee is heavily wounded.
You feel very sick. The killer bee stings you!
The searing ray hits the killer bee.
The killer bee is severely wounded.
You feel sick. The killer bee stings you.
* * * LOW HITPOINT WARNING * * *
The killer bee barely misses you. x2; The killer bee misses you.
* * * LOW HITPOINT WARNING * * *
You feel sick. The killer bee misses you. The killer bee barely misses you.
You feel sick. The killer bee stings you.
* * * LOW HITPOINT WARNING * * *
The killer bee stings you!
You die...

######################
+...........#.........
#...y†......#)........
#..)y@......'.........
#.###########......##.
##+####.##..##..
##......##>
................
#..........
................
#..........
.......>........
#..........
##.####.####...#
##.######## # #.# ###
#.# # ... ... ..


You could see 2 killer bees.

Vanquished Creatures
  2 scorpions (D:4)
  4 hounds (D:4)
  An iguana (D:5)
  2 orc wizards
  7 adders
  A worm (D:5)
  5 dart slugs
  10 orcs
  8 endoplasms
  5 giant cockroaches
  5 goblins
  7 hobgoblins
  3 jackals
  6 kobolds
  3 quokkas
  9 ball pythons
  5 bats
  A frilled lizard (D:1)
  5 rats
89 creatures vanquished.

Notes
Turn   | Place    | Note
-------+----------+-------------------------------------------
     0 | D:1      | kingofthe the Deep Elf Conjurer began the quest for the
                  | Orb.
     0 | D:1      | Reached XP level 1. HP: 10/10 MP: 6/6
   195 | D:1      | Reached XP level 2. HP: 15/15 MP: 2/8
   200 | D:1      | Learned a level 2 spell: Searing Ray
   478 | D:1      | Reached skill level 3 in Dodging
   689 | D:1      | Reached XP level 3. HP: 19/19 MP: 5/9
  1078 | D:1      | Found a faded altar of an unknown god.
  1727 | D:2      | Reached XP level 4. HP: 24/24 MP: 5/11
  1970 | D:2      | Reached skill level 4 in Dodging
  2429 | D:3      | Found a hide-covered altar of Uskayaw.
  2715 | D:3      | Reached skill level 5 in Conjurations
  2819 | D:3      | Identified the +7 trident of Ownuakha {chaos, rF+ rC+ rN+
                  | Int-2}
  2965 | D:3      | Reached XP level 5. HP: 28/28 MP: 5/13
  3629 | D:3      | Found a hide-covered altar of Uskayaw.
  4230 | D:4      | Reached skill level 5 in Dodging
  4923 | D:4      | Found Dein's Assorted Antiques.
  4936 | D:4      | Reached XP level 6. HP: 32/32 MP: 9/15
  5027 | D:4      | Reached skill level 5 in Spellcasting
  5090 | D:4      | Learned a level 4 spell: Iskenderun's Mystic Blast
  5662 | D:4      | Reached skill level 6 in Dodging
  5662 | D:4      | Reached skill level 1 in Translocations
  5755 | D:5      | Entered Level 5 of the Dungeon
  6003 | D:5      | HP: 1/32 [killer bee (5)]
  6003 | D:5      | Mangled by a killer bee

Illustrated notes

Levels and vault maps discovered:
D:1:      sevenhm_arrival_forest_fort_small_3, layout_loops_ring,
          dreamdust_ecumenical_altar_statues, minmay_tall_x
D:2:      layout_basic
D:3:      layout_loops_ring, eat_drink_and_be_merry_uskayaw,
          hangedman_decor_points
D:4:      layout_gridville, serial_shops, nicolae_inconvenience_store,
          kennysheep_small_square
D:5:      layout_gridville

Skill      XL: |  1  2  3  4  5  6 |
---------------+-------------------+-----
Stealth        | 3 |  3.5
Dodging        | 3 4 5 6 |  6.0
Spellcasting   | 4 5 |  5.3
Conjurations   | 5 |  5.8
Translocations | 1 |  1.2

Action                   |  1- 3 |  4- 6 || total
-------------------------+-------+-------++-------
Melee: Dagger            |     1 |       ||     1
 Cast: Magic Dart        |    85 |    74 ||   159
       Searing Ray       |     2 |    25 ||    27
Armor: Robe              |     1 |       ||     1
Dodge: Dodged            |     3 |    15 ||    18
